 Dungeon Crawl Stone Soup version 0.32-a0-576-g706899e69d (webtiles) character file.

Game seed: 12998889341170751431

6 javelincjr the Grasshopper (level 1, 0/16 HPs)
             Began as a Demonspawn Warper on Mar 1, 2024.
             Slain by a hobgoblin (4 damage)
             ... on level 1 of the Dungeon.
             The game lasted 00:01:43 (246 turns).

javelincjr the Grasshopper (Demonspawn Warper)       Turns: 246, Time: 00:01:44

Health: 0/16       AC:  3    Str: 11    XL:     1   Next: 75%
Magic:  3/3        EV: 11    Int: 13    God:
Gold:   26         SH:  0    Dex: 12    Spells: 4/4 levels left

rFire   . . .        a - +0 spear
rCold   . . .        (no shield)
rNeg    . . .        b - +0 leather armour
rPois   .            (no helmet)
rElec   .            (no cloak)
rCorr   .            (no gloves)
SInv    .            (no boots)
Will    .....        (no amulet)
Stlth   +            (no ring)
HPRegen 0.22/turn    (no ring)
MPRegen 0.08/turn

%: no passive effects
@: no status effects
A: no striking features
a: no special abilities


You were on level 1 of the Dungeon.
You visited 1 branch of the dungeon, and saw 1 of its levels.

You collected 26 gold pieces.

Inventory:

Hand Weapons
 a - a +0 spear (weapon)
Missiles
 d - 7 darts of dispersal (quivered)
Armour
 b - a +0 leather armour (worn)
Scrolls
 c - a scroll of blinking
 e - a scroll of enchant armour {unknown}
Potions
 f - 4 potions of curing {unknown}
 g - a potion of haste {unknown}


   Skills:
 + Level 2.0 Fighting
 + Level 1.9 Polearms
 - Level 1.0 Throwing
 + Level 1.0 Armour
 + Level 1.8 Dodging
 + Level 2.1 Spellcasting
 + Level 2.7 Translocations


You had 4 spell levels left.
You didn't know any spells.
Your spell library contained the following spells:

 Spells                   Type           Power      Damage    Failure   Level
 Blink                    Tloc           16%        N/A       16%         2
 Lesser Beckoning         Tloc           16%        N/A       16%         2
 Teleport Other           Tloc           8%         N/A       32%         3
 Manifold Assault         Tloc           8%         N/A       71%         4
 Vhi's Electric Charge    Tloc/Air       8%         N/A       88%         4


Dungeon Overview and Level Annotations

Branches:
Dungeon (1/15)

Altars:


Message History

You reach to attack!
You closely miss the bat. The bat closely misses you.
You closely miss the bat. The bat closely misses you.
You hit the bat.
You kill the bat!
Your Throwing skill increases to level 1!
Your Armour skill increases to level 1!
No target in view!
g - an inky potion
f - 4 fuming pink potions (gained 2)
An endoplasm comes into view.
Found a stone staircase leading down.
A hobgoblin comes into view.
The endoplasm quivers.
The hobgoblin barely misses you.
You closely miss the hobgoblin. The hobgoblin barely misses you.
You hit the hobgoblin but do no damage. The hobgoblin barely misses you.
You barely miss the hobgoblin.
The hobgoblin hits you but does no damage.
The endoplasm hits you.
You hit the hobgoblin.
The hobgoblin is moderately wounded.
The endoplasm barely misses you. The hobgoblin barely misses you.
You hit the hobgoblin but do no damage. The hobgoblin hits you.
The endoplasm hits you.
You closely miss the hobgoblin. The hobgoblin barely misses you.
The endoplasm freezes you.
You are frozen.
You are too injured to fight recklessly!
You are too injured to fight recklessly!
You are too injured to fight recklessly!
The endoplasm attacks as it pursues you!
The endoplasm hits you but does no damage.
The hobgoblin attacks as it pursues you!
The hobgoblin hits you.
The endoplasm attacks as it pursues you!
The endoplasm hits you.
* * * LOW HITPOINT WARNING * * *
The hobgoblin attacks as it pursues you!
The hobgoblin hits you.
You die...

............
#..#.##.#
......#.####
#.#..#.##.#
......#...#
#.#..#.##..
†.....###.#
#.#..#.#### ......#
#.####.#..#..
......###....#.######
......##............
......##.###.#.#####
......##.# #....@J##
#...####.# ###.##g.##
#.#.####.## #.###..#
.....##...#
#.......>....
.....##...#
#########....
.....##...# ...
.....##...# ..
#.#####...##########
#.# #............#


You could see an endoplasm and a hobgoblin.

Vanquished Creatures
  A bat (D:1)
  A giant cockroach (D:1)
  A hobgoblin (D:1)
  A quokka (D:1)
  A rat (D:1)
5 creatures vanquished.

Notes
Turn   | Place    | Note
-------+----------+-------------------------------------------
     0 | D:1      | javelincjr the Demonspawn Warper began the quest for the
                  | Orb.
     0 | D:1      | Reached XP level 1. HP: 16/16 MP: 3/3
   159 | D:1      | Reached skill level 1 in Throwing
   159 | D:1      | Reached skill level 1 in Armour
   246 | D:1      | Slain by a hobgoblin

Illustrated notes

Levels and vault maps discovered:
D:1:      ncdulo_smallfort, layout_basic, minmay_cupped

Skill      XL: |  1 |
---------------+----+-----
Throwing       | 1 |  1.0
Armour         | 1 |  1.0
Fighting       | |  2.0
Polearms       | |  1.9
Dodging        | |  1.8
Spellcasting   | |  2.1
Translocations | |  2.7

Action                     || total
---------------------------++-------
  Melee: Spear             ||    21
 Armour: Leather armour    ||    12
  Dodge: Dodged            ||    12

Table legend: (Time is in decaauts)
 A = Elapsed time spent in this place.
 B = Non-inter-level travel time spent in this place.
 C = Inter-level travel time spent in this place.
 D = Time resting spent in this place.
 E = Time spent auto-exploring this place.
 F = Levels seen in this place.
 G = Mean time per level.
                   A        B        C        D        E       F      G
               +--------+--------+--------+--------+--------+-----+--------+
         Total |    246 |    244 |      2 |      0 |    203 |   1 |  246.0 |
       Dungeon |    246 |    244 |      2 |      0 |    203 |   1 |  246.0 |
               +--------+--------+--------+--------+--------+-----+--------+

Top non-repeatable levels by time:
     D:1: 246 daAuts
